 Dungeon Crawl Stone Soup version 0.19.5 (webtiles) character file.

77501 equalderp2856 the Unseen (level 15, -2/63 HPs)
             Began as a Felid Fighter on Mar 23, 2017.
             Killed from afar by a shock serpent (18 damage)
             ... with a bolt of electricity
             ... on level 4 of the Snake Pit on Mar 24, 2017.
             The game lasted 06:31:44 (80166 turns).

equalderp2856 the Unseen (Felid Fighter)           Turns: 80166, Time: 06:31:45

Health: -2/63      AC:  3    Str: 13    XL:     15   Next: 15%
Magic:  21/33      EV: 31    Int: 14    God:
Gold:   1212       SH:  0    Dex: 23    Spells: 13 memorised, 10 levels left
                                        Lives:  0   Deaths: 5

rFire  + . .     SeeInvis +       - Unarmed
rCold  + . .     Gourm    .     (armour unavailable)
rNeg   . . .     Faith    .     (shield unavailable)
rPois  +         Spirit   .     (helmet unavailable)
rElec  .         Reflect  .     (cloak unavailable)
rCorr  .         Harm     .     (gloves unavailable)
MR     ++...                    (boots unavailable)
Stlth  ++++++++..               l - amulet of regeneration
                                o - ring of Ewkom {rPois rF+ Dex+6}
                                F - ring of stealth

@: repel missiles, quick
A: no armour, no weapons or thrown items, stealth, claws 1, fangs 3, see
invisible, carnivore 3, speed 1, shaggy fur 3, slow metabolism 1, sharp paws
a: no special abilities


You were on level 4 of the Snake Pit.
You were not hungry.

You visited 7 branches of the dungeon, and saw 31 of its levels.
You also visited: Volcano.

You collected 2379 gold pieces.
You spent 1167 gold pieces at shops.

Inventory:

Jewellery
 l - an amulet of regeneration (around neck)
 o - the ring of Ewkom (right paw) {rPois rF+ Dex+6}
   (You found it on level 4 of the Lair of Beasts)

   [ring of protection from fire]

   It affects your dexterity (+6).
   It protects you from fire.
   It protects you from poison.
 v - an uncursed ring of protection from magic
 x - a +5 ring of dexterity
 A - a +6 ring of evasion
 F - a ring of stealth (left paw)
 I - a +4 amulet of reflection
 K - an uncursed amulet of rage
 Q - a +3 amulet of reflection
 Y - an uncursed ring of magical power
Wands
 r - a wand of paralysis (15/24)
 t - a wand of slowing (15/48)
 C - a wand of confusion (25/48)
 E - a wand of digging (14/24)
 G - a wand of enslavement (2/24)
 J - a wand of random effects (18/48)
 L - a wand of confusion (28/48)
 M - a wand of lightning (5/15)
 R - a wand of random effects (40/48)
 S - a wand of confusion (21/48)
 T - a wand of teleportation (0/9)
Scrolls
 e - 6 scrolls of teleportation
 g - 3 scrolls of fear
 h - 14 scrolls of remove curse
 m - 9 scrolls of identify
 z - a scroll of summoning
 O - 4 scrolls of magic mapping
 U - 6 scrolls of recharging
 V - 5 scrolls of fog
Potions
 a - 4 potions of might
 f - 6 potions of curing
 j - 2 potions of flight
 k - 4 potions of haste
 n - 5 potions of agility
 p - 7 potions of brilliance
 s - 3 potions of cancellation
 D - 4 potions of berserk rage
 X - 4 potions of ambrosia
Books
 i - a book of Misfortune

   Spells                             Type                      Level
   a - Confusing Touch                Hexes                        1
   b - Confuse                        Hexes                        3
   c - Gell's Gravitas                Hexes/Translocation          3
   d - Petrify                        Transmutation/Earth          4
   e - Metabolic Englaciation         Hexes/Ice                    5
   f - Yara's Violent Unravelling     Hexes/Transmutation          5
 q - a book of Geomancy

   Spells                             Type                      Level
   a - Sandblast                      Earth                        1
   b - Passwall                       Transmutation/Earth          2
   c - Stone Arrow                    Conjuration/Earth            3
   d - Petrify                        Transmutation/Earth          4
   e - Lee's Rapid Deconstruction     Earth                        5
 u - a book of the Earth

   Spells                             Type                      Level
   a - Leda's Liquefaction            Hexes/Earth                  4
   b - Bolt of Magma                  Conjuration/Fire/Earth       5
   c - Statue Form                    Transmutation/Earth          6
   d - Iron Shot                      Conjuration/Earth            6
   e - Shatter                        Earth                        9
 w - a book of Minor Magic

   Spells                             Type                      Level
   a - Magic Dart                     Conjuration                  1
   b - Blink                          Translocation                2
   c - Call Imp                       Summoning                    2
   d - Repel Missiles                 Charms/Air                   2
   e - Slow                           Hexes                        2
   f - Conjure Flame                  Conjuration/Fire             3
   g - Mephitic Cloud                 Conjuration/Poison/Air       3
 y - a book of Maledictions

   Spells                             Type                      Level
   a - Corona                         Hexes                        1
   b - Ensorcelled Hibernation        Hexes/Ice                    2
   c - Confuse                        Hexes                        3
   d - Tukima's Dance                 Hexes                        3
   e - Dazzling Spray                 Conjuration/Hexes            3
 B - a book of Battle

   Spells                             Type                      Level
   a - Infusion                       Charms                       1
   b - Shroud of Golubria             Charms/Translocation         2
   c - Song of Slaying                Charms                       2
   d - Spectral Weapon                Hexes/Charms                 3
   e - Regeneration                   Charms/Necromancy            3
 H - Sif Muna's Volume of Summoning and Weightlessness
   (You found it on level 15 of the Dungeon)

   Spells                             Type                      Level
   a - Summon Butterflies             Summoning                    1
   b - Summon Forest                  Summoning/Translocation      5
   c - Poisonous Cloud                Conjuration/Poison/Air       6
   d - Malign Gateway                 Summoning/Translocation      7
 W - a book of Beasts

   Spells                             Type                      Level
   a - Summon Butterflies             Summoning                    1
   b - Call Canine Familiar           Summoning                    3
   c - Summon Ice Beast               Ice/Summoning                4
   d - Summon Mana Viper              Hexes/Summoning              5
   e - Summon Hydra                   Summoning                    7
Miscellaneous
 P - a box of beasts
 Z - a lamp of fire
Comestibles
 b - 12 meat rations
 d - a beef jerky
 N - a royal jelly


   Skills:
 + Level 6.2 Fighting
 + Level 12.4 Dodging
 + Level 16.6 Stealth
 + Level 16.0 Unarmed Combat
 + Level 13.6 Spellcasting
 + Level 4.7 Conjurations
 + Level 13.9 Hexes
 + Level 1.3 Charms
 - Level 9.4 Summonings
 + Level 5.7 Translocations
 + Level 6.0 Ice Magic
 + Level 0.8 Air Magic
 + Level 3.1 Earth Magic


You had 10 spell levels left.
You knew the following spells:

 Your Spells              Type           Power        Failure   Level  Hunger
a - Sandblast             Erth           ###...       1%          1    None
b - Passwall              Tmut/Erth      ##........   10%         2    None
c - Stone Arrow           Conj/Erth      ###...       6%          3    None
d - Blink                 Tloc           N/A          1%          2    None
e - Repel Missiles        Chrm/Air       ##....       10%         2    None
f - Slow                  Hex            #####...     1%          2    None
g - Conjure Flame         Conj/Fire      ###.....     10%         3    None
h - Confusing Touch       Hex            #####.       1%          1    None
i - Confuse               Hex            #####...     1%          3    None
j - Corona                Hex            #####..      1%          1    None
k - Ensorcelled Hibernat  Hex/Ice        #####.       1%          2    None
l - Summon Mana Viper     Hex/Summ       #####...     1%          5    #####..
m - Summon Ice Beast      Ice/Summ       ####....     3%          4    ##.....


Dungeon Overview and Level Annotations

Branches:
Dungeon (15/15)            Temple (1/1) D:7            Lair (6/6) D:11
 Shoals (2/4) Lair:3        Snake (4/4) Lair:3        Slime (0/5) Lair:5
    Orc (2/2) D:10            Elf (1/3) Orc:2        Vaults (0/5) D:14
 Depths (0/5) D:15

Altars:
Ashenzari
Cheibriados
Dithmenos
Elyvilon
Fedhas
Gozag
Hepliaklqana
Kikubaaqudgha
Makhleb
Nemelex Xobeh
Okawaru
Qazlal
Ru
Sif Muna
Trog
Uskayaw
Vehumet
Xom
Yredelemnul
Zin
The Shining One
Beogh
Jiyva

Shops:
D:6 (   D:11 :[*=   Orc:2 (?([?   Shoals:1 :[[   Snake:2 }

Annotations:
Lair:5 Josephine, Nessos
Shoals:2 Jorgrun
Snake:2 Donald
Snake:4 Vashnia


Innate Abilities, Weirdness & Mutations

You cannot wear armour.
You are incapable of wielding weapons or throwing items.
Your paws allow you to move quietly. (Stealth)
You have sharp claws.
You have razor-sharp teeth.
You have supernaturally acute eyesight. (SInv)
You are carnivorous and can eat meat at any time.
You cover ground quickly.
Your thick and shaggy fur keeps you warm. (AC +3, rC+)
You have a slow metabolism.
Your sharp claws are effective at attacking unaware monsters.


Message History

2 arrows; a robe; a short sword You start resting.
You see here an arrow.
You see here 2 arrows.
You see here 3 arrows.
Casting: Blink
Confirm with . or Enter, or press ? or * to list all spells.
You blink.
The shock serpent shoots out a bolt of lightning at you!
The bolt of electricity hits you!
* * * LOW HITPOINT WARNING * * *
Casting: Blink
Confirm with . or Enter, or press ? or * to list all spells.
You blink.
The salamander misses you.
Casting: Blink
Confirm with . or Enter, or press ? or * to list all spells.
You blink.
The shock serpent shoots out a bolt of lightning at you!
The bolt of electricity hits you!
You die...

### ####### ###.###### ####
#.#...## #####
##(.(..#..###..####......#
....####.###....@.#...#.##.......
...(##..###....(..S.(#.####......
(....(####.....ยง(((.((## #.#....
<.....###........(####[## #.(.#..
...N...##........N# ##.###..###.
).N....#..........# ##)##.###..
().....#.........#######.##.##...
.....#.#.......(.##......S...####
.....#.#.......(###.........##


You could see a salamander and a shock serpent.

Vanquished Creatures
  A nagaraja (Snake:4)
  An orc warlord (Orc:2)
  The ghost of tricornhat the Bludgeoner, a journeyman DsBe of Trog (Lair:3)
  2 ettins
  2 merfolk impalers (Shoals:1)
  Snorg (Lair:5)
  Erolcha (D:9)
  6 hydras
  Fannar (D:9)
  An ice dragon (Lair:4)
  A centaur warrior (D:14)
  A catoblepas (Lair:2)
  2 ogre magi
  A death knight (D:11)
  8 naga warriors
  3 anacondas
  The ghost of PeterLawrence the Basher, a novice MiFi of Okawaru (D:10)
  A dancing weapon (D:14)
  2 tengu warriors
  A merfolk avatar (Shoals:1)
  3 orc high priests (Orc:2)
  Urug (Orc:2)
  A death yak (Lair:4)
  A hell knight (Volcano)
  2 naga sharpshooters
  5 shock serpents
  A salamander mystic (Snake:4)
  5 skeletal warriors (D:11)
  4 sea snakes
  4 unseen horrors
  10 hill giants
  A wizard (D:15)
  2 phantasmal warriors (D:11)
  A harpy (Shoals:1)
  A wolf spider (Lair:6)
  6 orc knights
  4 orc sorcerers (Orc:2)
  12 ugly things
  Pikel (D:5)
  6 deep elf magi
  4 cyclopes
  2 fauns (Shoals:1)
  A salamander (Snake:4)
  4 sirens (Shoals:1)
  5 manticores
  6 centaur zombies
  8 naga magi
  Joseph (D:8)
  9 elephants
  An ice statue (Lair:4)
  5 guardian serpents
  30 black mambas
  2 molten gargoyles (Volcano)
  4 gargoyles
  12 spiny frogs
  A freezing wraith (D:11)
  A rime drake (shapeshifter) (D:15)
  A rime drake (Lair:3)
  6 ice devils
  7 komodo dragons
  2 polar bears (Lair:5)
  7 merfolk (Shoals:1)
  11 trolls
  A wind drake (Shoals:1)
  4 hornets
  3 snapping turtles (Shoals:1)
  10 two-headed ogres
  20 blink frogs
  9 slime creatures
  12 hippogriffs
  8 dream sheep
  3 redbacks (Lair:6)
  5 spriggans
  9 wraiths
  4 ynoxinuls
  A shadow (D:13)
  A vampire (D:14)
  11 wyverns
  2 water elementals
  2 fire bats (Volcano)
  6 hungry ghosts
  50 yaks
  2 steam dragons (D:5)
  A basilisk (Lair:2)
  4 vampire mosquitoes
  4 wargs
  Menkaure (D:4)
  26 nagas
  20 water moccasins
  18 porcupines
  2 hell hounds (D:11)
  13 sky beasts
  8 black bears
  10 ice beasts
  40 orc warriors
  An eye of draining (D:12)
  3 phantoms
  2 necrophages
  17 centaurs
  20 ogres
  9 wolves
  15 crocodiles
  12 big kobolds
  26 bullfrogs
  2 gnoll sergeants (D:10)
  A wyvern zombie (D:12)
  A hornet simulacrum (D:14)
  A wyvern skeleton (D:8)
  5 scorpions
  10 killer bees
  31 wights
  4 howler monkeys
  4 lava snakes (Volcano)
  12 crimson imps
  10 hounds
  5 bullfrog skeletons
  5 centaur skeletons
  6 jellies
  11 iguanas
  24 orc priests
  43 orc wizards
  Natasha (thrice) (D:4)
  6 hell rats (Lair:6)
  15 worker ants
  2 hound skeletons
  5 worker ant zombies
  A gnoll (D:10)
  A river rat (Lair:5)
  25 adders
  2 shadow imps
  2 white imps (Lair:4)
  2 adder zombies
  An adder skeleton (D:4)
  2 dart slugs (D:2)
  7 leopard geckos
  112 orcs
  2 ball pythons (D:3)
  6 giant cockroaches
  9 goblins
  7 hobgoblins
  11 jackals
  3 quokkas
  9 bats
  7 frilled lizards
  A giant cockroach zombie (D:6)
  51 kobolds
  3 quokka skeletons
  9 rats
  A bush (Lair:5)
  A butterfly (Lair:1)
  2 fungi
  7 plants
  2 tentacles (Shoals:1)
1146 creatures vanquished.

Vanquished Creatures (collateral kills)
  The ghost of Hybris the Archer, an adept DsBe of Trog (Snake:1)
  3 nagarajas (Snake:4)
  Roxanne (Snake:1)
  5 naga warriors
  A hydra (Lair:3)
  4 shock serpents
  11 naga sharpshooters
  4 naga ritualists
  3 mana vipers
  3 salamanders (Snake:4)
  A guardian serpent (Snake:4)
  6 black mambas
  11 naga magi
  30 nagas
84 creatures vanquished.

Vanquished Creatures (others)
  A salamander mystic (Snake:4)
  A polar bear (Lair:4)
  2 orc wizards
  An orc priest (Orc:2)
  An orc (Orc:1)
  A jackal (D:9)
  33 fungi
  51 plants
  15 tentacles (Shoals:1)
106 creatures vanquished.

Grand Total: 1336 creatures vanquished

Notes
Turn   | Place    | Note
-------+----------+-------------------------------------------
     0 | D:1      | equalderp2856 the Felid Fighter began the quest for the Orb.
     0 | D:1      | Reached XP level 1. HP: 10/10 MP: 2/2
   337 | D:1      | Reached XP level 2. HP: 14/14 MP: 3/3
   747 | D:2      | Reached XP level 3. HP: 17/17 MP: 4/4
  1519 | D:2      | Reached skill level 5 in Unarmed Combat
  1550 | D:2      | Reached XP level 4. HP: 13/21 MP: 5/5
  1766 | D:2      | Reached skill level 1 in Stealth
  2355 | D:3      | Found a blossoming altar of Fedhas.
  2901 | D:3      | Reached XP level 5. HP: 24/24 MP: 6/6
  3192 | D:4      | You fall through a shaft for 2 floors!
  3192 | D:6      | Found a faded altar of an unknown god.
  3192 | D:6      | Found a faded altar of an unknown god.
  3192 | D:6      | Noticed an ogre
  3196 | D:6      | Killed an ogre
  3196 | D:6      | Reached skill level 5 in Dodging
  3196 | D:6      | Gained mutation: You are covered in thick fur. (AC +2) [Felid growth]
  3196 | D:6      | Reached XP level 6. HP: 28/28 MP: 7/7
  3203 | D:6      | Found a faded altar of an unknown god.
  3215 | D:6      | Found a hazy altar of Hepliaklqana.
  3217 | D:6      | Found a faded altar of an unknown god.
  3236 | D:6      | Found a glowing golden altar of the Shining One.
  3450 | D:6      | Noticed an ice beast
  3724 | D:6      | Found a glowing silver altar of Zin.
  3724 | D:6      | Noticed an angel
  3883 | D:6      | Noticed a sky beast
  3909 | D:6      | Killed a sky beast
  3909 | D:6      | Reached XP level 7. HP: 23/31 MP: 8/8
  3952 | D:6      | Noticed a hungry ghost
  3972 | D:6      | Killed a hungry ghost
  3972 | D:6      | Reached skill level 5 in Stealth
  4038 | D:6      | Learned a level 1 spell: Sandblast
  4041 | D:6      | Learned a level 2 spell: Passwall
  4045 | D:6      | Learned a level 3 spell: Stone Arrow
  4093 | D:5      | Entered Level 5 of the Dungeon
  4190 | D:5      | Reached skill level 1 in Spellcasting
  4315 | D:5      | Noticed a steam dragon
  4315 | D:5      | Noticed a steam dragon
  5054 | D:4      | Reached XP level 8. HP: 36/36 MP: 13/13
  5062 | D:4      | Learned a level 2 spell: Blink
  5737 | D:4      | Found a shattered altar of Ashenzari.
  5859 | D:4      | Noticed Menkaure
  6100 | D:5      | Learned a level 2 spell: Repel Missiles
  6113 | D:5      | Learned a level 2 spell: Slow
  6117 | D:5      | Learned a level 3 spell: Conjure Flame
  6151 | D:5      | Reached skill level 5 in Spellcasting
  6234 | D:6      | Found Zack's Antique Weapon Boutique.
  6414 | D:6      | Found a deep blue altar of Sif Muna.
  6665 | D:7      | Found a bloodstained altar of Trog.
  6898 | D:7      | Found a staircase to the Ecumenical Temple.
  6912 | D:7      | Noticed a hippogriff
  6951 | D:7      | Killed a hippogriff
  6951 | D:7      | Reached XP level 9. HP: 21/39 MP: 19/21
  7154 | D:7      | Found a bloodstained altar of Trog.
  7157 | D:7      | Noticed Pikel
  7538 | D:6      | Learned a level 1 spell: Confusing Touch
  7542 | D:6      | Learned a level 3 spell: Confuse
  8264 | D:4      | Noticed Natasha
  8639 | D:5      | Killed Pikel
  8856 | D:7      | Found a glowing golden altar of the Shining One.
  9002 | Temple   | Entered the Ecumenical Temple
  9537 | D:8      | Reached XP level 10. HP: 42/42 MP: 23/23
  9615 | D:8      | Found a sacrificial altar of Ru.
  9833 | D:8      | Reached skill level 10 in Unarmed Combat
 10003 | D:8      | Noticed Joseph
 10343 | D:8      | Killed Joseph
 10575 | D:8      | Reached skill level 1 in Charms
 10770 | D:9      | Noticed Erolcha
 10834 | D:8      | Mangled by an orc warrior
 10835 | D:8      | Reached XP level 9. HP: -11/40 MP: 22/22
 11190 | D:9      | Reached skill level 5 in Fighting
 11203 | D:9      | Reached skill level 1 in Hexes
 11573 | D:9      | Killed Erolcha
 11573 | D:9      | Reached XP level 10. HP: 7/44 MP: 23/23
 12142 | D:10     | Entered Level 10 of the Dungeon
 12282 | D:10     | Noticed Fannar
 12536 | D:10     | Found a staircase to the Orcish Mines.
 12742 | D:10     | Noticed a hill giant
 13008 | D:10     | Noticed a hill giant
 13012 | D:10     | Noticed PeterLawrence's ghost (novice MiFi)
 13035 | D:10     | Found a stormy altar of Qazlal.
 13295 | D:11     | Found Zibicse's Assorted Antiques.
 13349 | D:11     | Found Xitu's Antique Armour Shoppe.
 13412 | D:11     | Reached XP level 11. HP: 44/48 MP: 24/24
 13438 | D:11     | Found Haluam's Book Boutique.
 13597 | D:11     | Noticed a phantasmal warrior
 13598 | D:11     | Noticed a death knight
 13600 | D:11     | Killed a phantasmal warrior
 14362 | D:11     | Found Cicisa Suyh's Jewellery Shop.
 14362 | D:11     | Found a staircase to the Lair.
 14931 | D:11     | Noticed a phantasmal warrior
 14941 | D:11     | Noticed a green ugly thing
 15093 | D:11     | Killed a green ugly thing
 15093 | D:11     | Reached skill level 10 in Stealth
 15663 | D:12     | You fall through a shaft for 3 floors!
 15663 | D:15     | Entered Level 15 of the Dungeon
 15898 | D:14     | Noticed a centaur warrior
 15907 | D:14     | Killed a centaur warrior
 15913 | D:14     | Shot with an arrow by a centaur
 15914 | D:14     | Reached XP level 10. HP: -5/44 MP: 23/24
 15943 | D:13     | Noticed a hill giant
 15990 | D:12     | Noticed a manticore
 16059 | D:12     | Noticed a hill giant
 16064 | D:12     | Noticed a hill giant
 16066 | D:12     | Killed a hill giant
 16066 | D:12     | Reached skill level 10 in Dodging
 16195 | D:12     | Killed a hill giant
 16325 | D:12     | Killed a manticore
 16325 | D:12     | Reached skill level 5 in Hexes
 16512 | D:12     | Reached XP level 11. HP: 21/48 MP: 21/25
 16534 | D:12     | Reached skill level 1 in Translocations
 16795 | D:13     | Demolished by a hill giant
 16796 | D:13     | Reached XP level 10. HP: -18/44 MP: 24/24
 16835 | D:13     | Noticed an unseen horror
 16883 | D:13     | Noticed a seven-headed hydra
 16898 | D:13     | Noticed a manticore
 16932 | D:13     | Noticed a tengu warrior
 16934 | D:13     | Noticed a tengu warrior
 16977 | D:12     | Noticed a cyclops
 17215 | D:11     | Killed a death knight
 17406 | D:10     | Killed a hill giant
 17461 | D:10     | Noticed a hill giant
 18373 | D:10     | Killed a hill giant
 18470 | Lair:1   | Entered Level 1 of the Lair of Beasts
 18750 | Lair:1   | Noticed a black mamba
 18758 | Lair:1   | Killed a black mamba
 18904 | Lair:1   | Reached XP level 11. HP: 48/48 MP: 25/25
 19126 | Lair:1   | Reached skill level 1 in Earth Magic
 19836 | Lair:2   | Reached skill level 1 in Conjurations
 20680 | D:9      | Killed Fannar
 20680 | D:9      | Reached skill level 10 in Spellcasting
 20856 | D:10     | Killed a hill giant
 20866 | D:10     | Killed PeterLawrence's ghost
 21226 | D:12     | Killed a tengu warrior
 21938 | D:13     | Gained mutation: Your thick and shaggy fur keeps you warm. (AC +3, rC+) [Felid growth]
 21938 | D:13     | Reached XP level 12. HP: 52/52 MP: 24/27
 23472 | D:13     | Killed a seven-headed hydra
 23851 | D:14     | Found a gate to the Vaults.
 25465 | D:15     | Reached skill level 10 in Hexes
 25827 | D:14     | Reached XP level 13. HP: 50/55 MP: 26/28
 26000 | D:15     | Got a slimy ivory amulet
 26001 | D:15     | Identified the amulet of Elyvilon's Supremacy {Gourm +Fly rPois rC+ Str+2} (You found it on level 15 of the Dungeon)
 26399 | D:15     | Identified Sif Muna's Volume of Summoning and Weightlessness
 26711 | D:15     | Found a staircase to the Depths.
 30554 | Lair:3   | Noticed tricornhat's ghost (journeyman DsBe)
 30896 | Lair:3   | Found a staircase to the Snake Pit.
 31116 | Lair:3   | Found a staircase to the Shoals.
 31245 | Lair:3   | Killed tricornhat's ghost
 31424 | Lair:4   | Reached XP level 14. HP: 20/60 MP: 25/30
 32299 | Lair:4   | Got an ancient platinum ring
 32587 | Lair:4   | Reached skill level 15 in Stealth
 33946 | Lair:5   | Found a viscous altar of Jiyva.
 33947 | Lair:5   | Found a staircase to the Slime Pits.
 34175 | Lair:5   | Noticed Josephine
 34314 | Lair:5   | Noticed Nessos
 34481 | Lair:5   | Reached skill level 15 in Unarmed Combat
 37319 | Lair:6   | Entered Level 6 of the Lair of Beasts
 37498 | Lair:6   | Found a dark tunnel.
 37503 | Volcano  | Entered a volcano
 38522 | Volcano  | Found a bloodstained altar of Trog.
 38822 | Volcano  | Identified the ring of Ewkom {rPois rF+ Dex+6} (You found it on level 4 of the Lair of Beasts)
 39783 | Lair:6   | Noticed Snorg
 40927 | Orc:1    | Entered Level 1 of the Orcish Mines
 41115 | Orc:2    | Entered Level 2 of the Orcish Mines
 41171 | Orc:2    | Found a staircase to the Elven Halls.
 41594 | Orc:2    | Found Vuiza's Magic Scroll Emporium.
 42862 | Orc:2    | Reached XP level 15. HP: 56/63 MP: 26/32
 43562 | Orc:2    | Found Kesk's Antique Weapon Emporium.
 43562 | Orc:2    | Found Ihich's Antique Armour Shop.
 43571 | Orc:2    | Found Darritt's Weapon Shop.
 43571 | Orc:2    | Found Uclat's Magic Scroll Emporium.
 43838 | Elf:1    | Entered Level 1 of the Elven Halls
 44175 | Orc:1    | Noticed an orc warlord
 44260 | Orc:1    | Noticed Urug
 44955 | Orc:2    | Killed Urug
 45020 | Orc:1    | Reached skill level 5 in Translocations
 45183 | Orc:1    | Found a roughly hewn altar of Beogh.
 45699 | Orc:2    | Killed an orc warlord
 47910 | Orc:2    | Bought a scroll of identify for 26 gold pieces
 48853 | D:4      | Killed Natasha
 48921 | D:4      | Killed Menkaure
 48971 | D:4      | Noticed Natasha
 48980 | D:4      | Killed Natasha
 48980 | D:4      | Noticed Natasha
 48989 | D:4      | Killed Natasha
 57446 | Lair:5   | Killed Snorg
 62712 | Orc:2    | Bought a scroll of identify for 30 gold pieces
 62712 | Orc:2    | Bought a scroll of identify for 30 gold pieces
 62718 | Orc:2    | Bought a scroll of identify for 30 gold pieces
 62718 | Orc:2    | Bought a scroll of identify for 30 gold pieces
 62722 | Orc:2    | Bought a scroll of blinking for 112 gold pieces
 62822 | Orc:2    | Bought 3 scrolls of fear for 136 gold pieces
 62822 | Orc:2    | Bought 3 scrolls of magic mapping for 136 gold pieces
 63155 | D:11     | Bought a book of Maledictions for 375 gold pieces
 63159 | D:11     | Learned a level 1 spell: Corona
 63162 | D:11     | Learned a level 2 spell: Ensorcelled Hibernation
 63265 | D:11     | Bought an uncursed ring of stealth for 262 gold pieces
 63484 | Shoals:1 | Entered Level 1 of the Shoals
 63499 | Shoals:1 | Found Ydots's Book Shop.
 63657 | Lair:3   | Learned a level 5 spell: Summon Mana Viper
 63662 | Lair:3   | Learned a level 4 spell: Summon Ice Beast
 63895 | Shoals:1 | Found Zompul's Antique Armour Emporium.
 63910 | Shoals:1 | Reached skill level 1 in Summonings
 64469 | Shoals:1 | Reached skill level 1 in Ice Magic
 64709 | Shoals:1 | Reached XP level 16. HP: 58/67 MP: 17/33
 65296 | Shoals:1 | Found Qysist's Armour Shoppe.
 66685 | Shoals:2 | Noticed Jorgrun
 66761 | Shoals:1 | Noticed a kraken
 66848 | Shoals:1 | Noticed a kraken
 67355 | Snake:1  | Entered Level 1 of the Snake Pit
 67440 | Snake:1  | Reached skill level 5 in Summonings
 67638 | Snake:1  | Noticed Roxanne
 67795 | Snake:1  | Noticed Hybris's ghost (adept DsBe)
 68451 | Snake:1  | Killed Hybris's ghost
 69776 | Snake:1  | Killed Roxanne
 70121 | Snake:2  | Noticed Donald
 71070 | Snake:2  | Found Lausann's Gadget Emporium.
 73522 | Snake:4  | Entered Level 4 of the Snake Pit
 73872 | Snake:4  | Reached skill level 5 in Ice Magic
 75019 | Snake:4  | Identified the Disquisition on Freezing Ignition
 76394 | Snake:4  | Killed from afar by a shock serpent
 76395 | Snake:4  | Reached XP level 15. HP: -1/63 MP: 7/33
 76441 | Snake:4  | HP: 2/63 [naga mage/poison arrow (13)]
 77003 | Snake:4  | Noticed Vashnia
 77352 | Snake:4  | Noticed a nagaraja
 77391 | Snake:4  | Killed a nagaraja
 77736 | Snake:4  | Reached XP level 16. HP: 66/67 MP: 2/34
 79953 | Snake:3  | Killed from afar by a shock serpent
 79954 | Snake:3  | Reached XP level 15. HP: -3/63 MP: 5/33
 80166 | Snake:4  | Killed from afar by a shock serpent

Skill      XL: |  1  2  3  4  5  6  7  8  9 10 11 12 13 14 15 16 |
---------------+-------------------------------------------------+-----
Unarmed Combat | 5 6 7 11 13 12 14 15 16 | 16.0
Stealth        | 2 3 4 5 8 11 12 13 14 15 16 | 16.6
Dodging        | 5 6 7 10 11 12 | 12.4
Spellcasting   | 3 7 8 10 11 12 13 | 13.6
Fighting       | 5 6 |  6.2
Charms         | 1 |  1.3
Hexes          | 1 6 8 10 11 12 13 | 13.9
Translocations | 2 1 3 4 5 |  5.7
Earth Magic    | 1 2 3 |  3.1
Conjurations   | 1 2 4 |  4.7
Summonings     | 9 8 |  9.4
Ice Magic      | 1 6 |  6.0
Air Magic      | |  0.8

Action                   |  1- 3 |  4- 6 |  7- 9 | 10-12 | 13-15 | 16-18 || total
-------------------------+-------+-------+-------+-------+-------+-------++-------
Melee: Unarmed           |    92 |   174 |   515 |  1208 |  2084 |   244 ||  4317
       Bite              |    11 |    18 |    57 |   156 |   278 |    36 ||   556
       Punch             |     1 |     8 |    18 |    86 |   175 |    29 ||   317
 Cast: Confusing Touch   |       |       |     5 |   109 |   170 |    50 ||   334
       Blink             |       |       |     1 |    29 |   139 |    33 ||   202
       Repel Missiles    |       |       |     1 |     7 |    10 |    10 ||    28
       Confuse           |       |       |       |   101 |   217 |    77 ||   395
       Stone Arrow       |       |       |       |    30 |   225 |    73 ||   328
       Summon Mana Viper |       |       |       |       |    43 |   146 ||   189
       Summon Ice Beast  |       |       |       |       |    13 |   108 ||   121
       Ensorcelled Hiber |       |       |       |       |       |     2 ||     2
Evoke: Wand              |       |       |       |     4 |     3 |       ||     7
  Use: Scroll            |       |       |    13 |     8 |    13 |     6 ||    40
       Potion            |       |       |     1 |     5 |     5 |     2 ||    13
 Stab: Sleeping          |     3 |     7 |    14 |    34 |    45 |    24 ||   127
       Distracted        |       |     1 |     2 |     7 |     8 |     1 ||    19
       Confused          |       |       |     3 |   101 |   176 |    49 ||   329
  Eat: Chunk             |     7 |     5 |    17 |    62 |    83 |    21 ||   195
       Beef jerky        |       |       |       |       |     1 |     4 ||     5
       Meat ration       |       |       |       |       |       |     4 ||     4
       Pizza             |       |       |       |       |       |     4 ||     4
       Royal jelly       |       |       |       |       |       |     2 ||     2
Armor: Skin              |     1 |     8 |    26 |    43 |    36 |     3 ||   117
Dodge: Dodged            |    84 |   108 |   527 |  1019 |  1638 |   259 ||  3635
       Deflected         |       |       |       |    15 |    29 |    23 ||    67
